 Dungeon Crawl Stone Soup version 0.19.1-1-g22dce08 (webtiles) character file.

1120 Mesmaeker13 the Stinger (level 8, 0/41 HPs)
             Began as a Kobold Venom Mage on Dec 30, 2016.
             Slain by Scuka's ghost (11 damage)
             ... on level 5 of the Dungeon.
             The game lasted 00:23:58 (8920 turns).

Mesmaeker13 the Stinger (Kobold Venom Mage)         Turns: 8920, Time: 00:24:01

Health: 0/41       AC:  3    Str:  6    XL:     8   Next: 61%
Magic:  14/14      EV: 17    Int: 17    God:
Gold:   180        SH:  0    Dex: 16    Spells: 3 memorised, 7 levels left

rFire  . . .     SeeInvis .     y - +4 quarterstaff (chaos)
rCold  . . .     Gourm    .     a - +0 robe
rNeg   . . .     Faith    .     (shield currently unavailable)
rPois  .         Spirit   .     (no helmet)
rElec  .         Reflect  .     z - +0 cloak
rCorr  .         Harm     .     (no gloves)
MR     .....                    (no boots)
Stlth  ++........               f - amulet of regeneration
                                (no ring)
                                (no ring)

@: no status effects
A: carnivore 3
a: no special abilities


You were on level 5 of the Dungeon.
You were very full.

You visited 1 branch of the dungeon, and saw 6 of its levels.

You collected 222 gold pieces.
You spent 42 gold pieces at shops.

Inventory:

Hand Weapons
 j - a +0 blowgun
 y - a +4 quarterstaff of chaos (weapon)
Missiles
 h - 16 poisoned needles
 w - 9 curare-tipped needles
Armour
 a - a +0 robe (worn)
 z - a +0 cloak (worn)
Jewellery
 f - an amulet of regeneration (around neck)
 t - an uncursed amulet of faith {unknown}
Wands
 e - a wand of lightning (2/15)
 v - a wand of lightning (11/15)
Scrolls
 k - a scroll of recharging
 l - a scroll of identify
 p - a scroll of amnesia
 x - a scroll of noise {unknown}
Potions
 d - a potion of haste
 g - a potion of heal wounds {unknown}
 i - 2 potions of might
 m - a potion of flight {unknown}
 n - a potion of curing
 o - a potion of invisibility {unknown}
 q - a potion of brilliance {unknown}
Books
 b - a Young Poisoner's Handbook

   Spells                             Type                      Level
   a - Sting                          Conjuration/Poison           1
   b - Mephitic Cloud                 Conjuration/Poison/Air       3
   c - Olgreb's Toxic Radiance        Poison                       4
   d - Alistair's Intoxication        Transmutation/Poison         5
   e - Venom Bolt                     Conjuration/Poison           5
Comestibles
 c - 2 meat rations


   Skills:
 + Level 4.2 Dodging
 - Level 2.6 Stealth
 - Level 4.2 Spellcasting
 + Level 4.9 Conjurations
 - Level 3.0 Air Magic
 + Level 7.0 Poison Magic


You had 7 spell levels left.
You knew the following spells:

 Your Spells              Type           Power        Failure   Level  Hunger
a - Sting                 Conj/Pois      ###.         1%          1    None
b - Mephitic Cloud        Conj/Pois/Air  ###.....     8%          3    ###....
c - Olgreb's Toxic Radia  Pois           ####....     10%         4    ####...


Dungeon Overview and Level Annotations

Branches:
Dungeon (6/15)
 Temple: D:4-7

Altars:

Shops:
D:4 ?

Annotations:
D:5 Prince Ribbit; Scuka's ghost, novice CeHu


Innate Abilities, Weirdness & Mutations

You are small and have problems with some larger weapons.
You are carnivorous and can eat meat at any time.


Message History

The orc priest looks more healthy.
The orc priest barely misses you.
The gnoll hits you from afar with a spear.
The orc priest calls down the wrath of Beogh upon you.
Pain shoots through your body! 2 orcs and an orc priest come into view.
An orc and an orc priest come into view.
The orc priest shouts!
The gnoll hits you with a spear!
* * * LOW HITPOINT WARNING * * *
The orc priest moves out of view.
The gnoll completely misses you.
An orc comes into view.
There is a stone staircase leading up here.
The gnoll completely misses you. The orc priest hits you.
* * * LOW HITPOINT WARNING * * *
You climb upwards.
Level annotation: Prince Ribbit; Scuka's ghost, novice CeHu Scuka's ghost hits you but does no damage.
Scuka's ghost hits you!
You die...

##.....##.# #.........######
##.##..##.# ##).##..........#
.#.#.#.##.###...##.###.####.##
#...##.##.##.....#.##........#
##.................##..####..#
#.###########..#####..# #..# #.#
#..# #..####..# ##.########
#.W#####..##....# #.........#
##..@o.....##.##.#
..#..####.###...#####.###.##.#
.###...##.##.....## #........# #
..#..#.##.#.......######..#### #
#.....#.#<.).......####...#######
##...###...(.......'.............
#....#.##...<.....####...#######
#.#.#.####.......## ##..# #
#.##### ##.....## ##.# #


You could see an orc priest and Scuka's ghost.

Vanquished Creatures
  Grinder (D:4)
  An ogre (D:3)
  2 scorpions (D:4)
  A centaur zombie (D:5)
  2 hounds
  Crazy Yiuf (D:3)
  2 orc priests
  A centaur skeleton (D:5)
  5 orc wizards
  6 worker ants
  2 hound skeletons (D:4)
  A worker ant zombie (D:5)
  11 adders
  A gnoll (D:5)
  2 oozes
  4 worms
  A dart slug (D:1)
  2 leopard geckos
  16 orcs
  12 giant cockroaches
  7 goblins
  6 hobgoblins
  3 jackals (D:2)
  10 kobolds
  A ball python (D:3)
  6 bats
  3 frilled lizards
  7 rats
  2 fungi (D:3)
119 creatures vanquished.

Notes
Turn   | Place    | Note
-------+----------+-------------------------------------------
     0 | D:1      | Mesmaeker13 the Kobold Venom Mage began the quest for the Orb.
     0 | D:1      | Reached XP level 1. HP: 10/10 MP: 3/3
   237 | D:1      | Reached XP level 2. HP: 15/15 MP: 3/5
   783 | D:1      | Reached XP level 3. HP: 19/19 MP: 6/6
   792 | D:1      | Learned a level 3 spell: Mephitic Cloud
  1567 | D:2      | Reached XP level 4. HP: 24/24 MP: 2/7
  1766 | D:2      | Reached skill level 1 in Conjurations
  2277 | D:3      | Found a faded altar of an unknown god.
  2351 | D:3      | Reached skill level 5 in Poison Magic
  2351 | D:3      | Reached XP level 5. HP: 25/28 MP: 3/8
  2396 | D:3      | Noticed an ogre
  3939 | D:4      | Reached skill level 1 in Air Magic
  3939 | D:4      | Reached XP level 6. HP: 32/32 MP: 2/9
  4284 | D:4      | Noticed Grinder
  4420 | D:4      | Found Foriod's Magic Scroll Emporium.
  4423 | D:4      | Bought a scroll of teleportation for 42 gold pieces
  5056 | D:4      | Reached XP level 7. HP: 36/36 MP: 0/10
  5449 | D:5      | Entered Level 5 of the Dungeon
  6063 | D:5      | Noticed Prince Ribbit
  6268 | D:5      | Reached skill level 6 in Poison Magic
  6597 | D:5      | Noticed Scuka's ghost (novice CeHu)
  6847 | D:5      | Learned a level 4 spell: Olgreb's Toxic Radiance
  7242 | D:5      | HP: 1/36 [Scuka's ghost (17)]
  7425 | D:3      | Reached XP level 8. HP: 41/41 MP: 9/13
  7860 | D:3      | Found a runed door.
  7864 | D:3      | Noticed Crazy Yiuf
  7876 | D:3      | Killed Crazy Yiuf
  8515 | D:4      | Killed Grinder
  8565 | D:4      | Reached skill level 7 in Poison Magic
  8920 | D:5      | Slain by Scuka's ghost

Skill      XL: |  1  2  3  4  5  6  7  8 |
---------------+-------------------------+-----
Dodging        | 3 4 |  4.2
Conjurations   | 1 2 3 4 |  4.9
Poison Magic   | 5 6 7 |  7.0
Air Magic      | 1 2 3 |  3.0
Spellcasting   | 3 4 |  4.2
Stealth        | |  2.6

Action                   |  1- 3 |  4- 6 |  7- 9 || total
-------------------------+-------+-------+-------++-------
Melee: Short sword       |    52 |   124 |   143 ||   319
       Quarterstaff      |       |       |    37 ||    37
 Fire: Blowgun           |       |       |    15 ||    15
 Cast: Sting             |    56 |    94 |    77 ||   227
       Mephitic Cloud    |       |     6 |    10 ||    16
       Olgreb's Toxic Ra |       |       |     1 ||     1
Evoke: Wand              |       |       |     2 ||     2
  Use: Scroll            |     1 |     4 |     3 ||     8
       Potion            |       |       |     3 ||     3
 Stab: Distracted        |       |     1 |       ||     1
       Confused          |       |     1 |     2 ||     3
       Sleeping          |       |       |     3 ||     3
  Eat: Chunk             |    10 |    15 |    13 ||    38
Armor: Robe              |     6 |     9 |    14 ||    29
Dodge: Dodged            |    52 |   145 |   169 ||   366
